AoeStats
← darador86

Arena

508579733Analyzed
4v4 RM · 11d ago on Sep 23, 2026· 50m 30s· 8 players
Game mode
Random Map
Map size
Large (8 player)
Population
200
Speed
Normal
Resources
Standard
Victory
Conquest
Starting age
Dark Age
Ending age
Imperial Age
RankedLock teamsTeams togetherTeam positionsShared explorationLock speedFull tech treeHidden civsTurbo modeCheats
Victory
Defeat
🇦🇷 Saxons · Argentina
787
+16
🇦🇷 Vikings · Argentina
767
+17
🇺🇾 Persians · Uruguay
764
+17
🇦🇷 Huns · Argentina
727
+18
🇺🇸 Saracens · United States
830
-45
🇲🇽 Khmer · Mexico
795
-44
🇲🇽 Portuguese · Mexico
761
-16
🇲🇽 Byzantines · Mexico
727
-18
SHEGO
0:27 Loom
10:45 Feudal Age
11:14 Double-Bit Axe
11:19 Horse Collar
18:43 Castle Age
16:48 Gold Mining
17:40 Town Watch
17:54 Stone Mining
19:26 Forging
19:56 Heavy Plow
20:16 Bow Saw
21:53 Gold Shaft Mining
24:52 Town Patrol
27:38 Squires
27:24 Arson
28:00 Fortified Wall
28:34 Masonry
32:24 Imperial Age
30:16 Ballistics
29:52 Murder Holes
29:38 Treadmill Crane
30:46 Iron Casting
30:13 Scale Mail Armor
30:04 Fletching
31:13 Fervor
33:05 Chain Mail Armor
32:45 Bodkin Arrow
33:20 Elite Varangian Guard
34:27 Conscription
35:40 Chemistry
35:16 Architecture
35:56 Crop Rotation
36:29 Two-Man Saw
36:59 Bogsveigar
37:44 Hoardings
38:37 Blast Furnace
38:17 Plate Mail Armor
39:58 Pikeman
41:38 Elite Berserk
47:03 Siege Engineers
darador86
12:42 Feudal Age
15:09 Double-Bit Axe
18:48 Castle Age
16:43 Horse Collar
17:47 Gold Mining
17:50 Stone Mining
21:13 Bow Saw
22:25 Wheelbarrow
23:59 Gold Shaft Mining
23:34 Elite Skirmisher
24:22 Town Watch
24:58 Hand Cart
28:25 Town Patrol
32:00 Imperial Age
32:34 Husbandry
32:47 Bloodlines
32:47 Padded Archer Armor
32:38 Fletching
32:58 Forging
32:49 Scale Mail Armor
32:54 Scale Barding Armor
33:12 Heavy Plow
33:30 Marauders
34:46 Ballistics
36:55 Conscription
37:05 Squires
36:26 Pikeman
44:01 Chemistry
42:58 Murder Holes
43:14 Masonry
43:50 Parthian Tactics
42:46 Heavy Cavalry Archer
42:52 Heavy Cavalry Archer
QueMatracaAriel
11:41 Feudal Age
12:07 Double-Bit Axe
12:37 Stone Mining
20:31 Castle Age
18:23 Man-at-Arms
20:23 Gold Mining
20:42 Horse Collar
21:25 Squires
21:57 Bow Saw
21:50 Heavy Plow
22:27 Wheelbarrow
22:42 Forging
22:32 Scale Mail Armor
22:43 Fletching
23:57 Bodkin Arrow
28:15 Hand Cart
28:44 Arson
36:14 Scale Mail Armor
39:49 Ballistics
42:02 Imperial Age
41:40 Gold Shaft Mining
42:45 Chain Mail Armor
44:09 Plate Mail Armor
44:15 Iron Casting
43:05 Elite Varangian Guard
45:43 Treadmill Crane
46:18 Masonry
49:26 Conscription
48:34 Shield Wall
49:04 Capped Ram
50:20 Elite Hearth Troop
JoaKo_uy
0:33 Loom
12:03 Feudal Age
15:10 Double-Bit Axe
15:08 Horse Collar
15:23 Gold Mining
21:11 Wheelbarrow
23:24 Castle Age
22:16 Stone Mining
25:51 Scale Barding Armor
25:59 Forging
29:19 Gold Shaft Mining
29:33 Stone Shaft Mining
29:01 Heavy Plow
30:02 Bow Saw
30:30 Hand Cart
30:12 Town Watch
30:43 Bloodlines
33:05 Husbandry
33:36 Chain Barding Armor
37:59 Imperial Age
37:51 Murder Holes
38:41 Conscription
37:52 Cavalier
37:57 Heavy Camel Rider
40:09 Plate Barding Armor
40:10 Iron Casting
39:24 Savar
47:43 Caravan
49:32 Elite War Elephant
GabrielLeal16
11:46 Feudal Age
13:13 Wheelbarrow
17:08 Castle Age
15:03 Double-Bit Axe
15:01 Horse Collar
17:52 Forging
19:36 Pikeman
20:51 Bow Saw
23:52 Squires
23:40 Gambesons
24:15 Hand Cart
24:01 Town Watch
27:45 Thumb Ring
29:09 Heavy Plow
29:26 Padded Archer Armor
29:17 Fletching
29:34 Scale Barding Armor
32:57 Bodkin Arrow
33:34 Town Patrol
37:33 Husbandry
39:04 Loom
40:03 Bloodlines
42:11 Chain Barding Armor
44:57 Imperial Age
45:21 Heavy Camel Rider
48:01 Chemistry
47:23 Ballistics
48:17 Elite Mameluke
GRIFOLYON
12:01 Feudal Age
12:27 Double-Bit Axe
12:39 Horse Collar
18:16 Wheelbarrow
21:59 Castle Age
19:58 Gold Mining
21:24 Stone Mining
22:50 Bow Saw
22:44 Heavy Plow
22:26 Pikeman
29:34 Imperial Age
28:41 Hand Cart
30:19 Forging
30:15 Scale Barding Armor
34:24 Gold Shaft Mining
36:49 Chemistry
36:10 Ballistics
41:44 Treadmill Crane
42:50 Elite Cataphract
48:10 Chain Barding Armor
48:26 Iron Casting
Mrvacas
3:07 Loom
10:23 Feudal Age
13:18 Wheelbarrow
12:29 Town Watch
23:35 Castle Age
22:50 Gold Mining
23:16 Double-Bit Axe
24:55 Hand Cart
27:02 Town Patrol
29:44 Ballistics
36:01 Imperial Age
34:38 Stone Mining
35:13 Fletching
35:24 Padded Archer Armor
38:04 Chemistry
37:54 Siphons
gabmtzf23
8:49 Loom
11:40 Feudal Age
15:59 Castle Age
17:54 Double-Bit Axe
19:07 Wheelbarrow
18:36 Horse Collar
19:08 Bow Saw
23:51 Town Watch
25:32 Hand Cart
31:38 Imperial Age
30:08 Town Patrol
30:37 Heavy Plow
30:30 Gold Mining
30:34 Stone Mining
33:39 Elite Organ Gun
33:45 Cavalier
34:27 Husbandry
34:38 Bloodlines
35:42 Conscription
35:26 Arquebus
35:37 Siege Engineers
36:06 Forging
36:02 Scale Barding Armor
39:20 Chemistry
38:58 Iron Casting
38:44 Chain Barding Armor
Connection lost

Rejoining the realm…

Still unreachable

The connection could not be restored.

Session expired

The server has moved on; the page needs a fresh start.